Map: Abiogenesis LE

Players

uThermal - Winner!

  • Race: Terran Terran
  • Spawn Location: 5:00

Dark

  • Race: Zerg Zerg
  • Spawn Location: 11:00

Event: WESG 2017 Haikou

VOD

Have the link to the VOD?

Description

Time

  • Played on: March 14, 2018, 12:39 a.m.
  • Length: 15:56

All games in this series

Show
View Real Time Build Order
Export as new Build Order

uThermal Terran - Winner!

Build Orders: Cyclone Opening, Gas First Reaper Expand, Reaper Expand 

Get SALT Encoding   

  12  0:01  SCV  
  13  0:14  SCV  
  14  0:17  Supply Depot  
  14  0:26  SCV  
  14  0:27  Refinery  
  15  0:38  SCV  
  16  0:44  Barracks  
  16  0:50  SCV  
  17  1:02  SCV  
  18  1:15  SCV  
  19  1:31  Orbital Command, Reaper  
  20  1:43  Command Center  
  20  1:54  Factory  
  20  1:57  SCV  
  21  2:05  Barracks Reactor  
  21  2:07  Refinery  
  21  2:09  SCV  
  21  2:14  Supply Depot  
  22  2:21  SCV  
  23  2:36  SCV  
  24  2:44  Cyclone  
  27  2:48  SCV  
  28  2:55  Cyclone  
  28  2:56  Orbital Command  
  31  3:00  SCV  
  32  3:12  SCV, Orbital Command  
  32  3:16  Hellion  
  34  3:21  Starport  
  34  3:27  Hellion  
  34  3:28  SCV  
  37  3:39  SCV  
  37  3:40  SCV  
  39  3:41  Supply Depot  
  39  3:43  Hellion  
  39  3:48  Barracks Tech Lab  
  41  3:49  Hellion  
  41  3:51  SCV  
  41  3:52  SCV  
  45  3:58  Supply Depot  
  45  4:03  SCV  
  45  4:04  SCV  
  47  4:10  Cloaking Field  
  47  4:11  Banshee  
  54  4:20  Cyclone  
  54  4:21  Supply Depot  
  53  4:27  SCV x2  
  53  4:30  Supply Depot  
  53  4:31  Supply Depot  
  55  4:32  Cyclone  
  55  4:40  SCV  
  55  4:41  SCV  
  55  4:52  SCV  
  55  4:59  Cyclone  
  54  5:06  SCV  
  36  5:19  Hellion  
  36  5:20  SCV x2  
  34  5:32  Banshee  
  34  5:35  SCV  
  38  5:39  SCV  
  39  5:45  Hellion  
  39  5:47  SCV  
  39  5:49  Hellion  
  44  5:54  SCV  
  45  5:59  SCV  
  45  6:01  Armory  
  46  6:06  SCV  
  46  6:07  Hellion  
  49  6:13  Supply Depot  
  49  6:15  Banshee  
  49  6:17  SCV  
  53  6:29  SCV  
  54  6:35  SCV, Hellion x2  
  54  6:36  Supply Depot  
  59  6:42  SCV  
  60  6:48  SCV  
  60  6:51  Command Center  
  60  6:52  Terran Vehicle Weapons Level 1  
  61  6:54  SCV  
  62  7:02  Hellion  
  62  7:03  Supply Depot  
  62  7:05  Hellion  
  62  7:07  SCV  
  67  7:13  Banshee  
  70  7:18  Supply Depot  
  70  7:24  SCV x2  
  70  7:29  Hellion  
  69  7:36  SCV x2  
  69  7:37  Hellion  
  67  7:48  SCV x2  
  67  7:50  Hellion  
  60  8:00  SCV x2, Factory  
  60  8:05  Refinery  
  59  8:06  Refinery  
  59  8:09  Orbital Command  
  59  8:13  SCV x2  
  59  8:16  Cyclone  
  59  8:18  Cyclone  
  65  8:25  SCV x2  
  67  8:33  Barracks Tech Lab  
  67  8:35  SCV, Factory  
  67  8:37  SCV x2  
  64  8:43  Starport Reactor  
  62  8:53  SCV  
  62  8:54  SCV  
  64  9:01  Siege Tank  
  67  9:05  Orbital Command, Engineering Bay  
  67  9:06  Supply Depot  
  67  9:11  SCV x2  
  67  9:15  Hellion x2  
  73  9:22  Terran Vehicle And Ship Armor Level 1  
  73  9:23  SCV x2  
  72  9:27  Thor  
  72  9:31  SCV  
  79  9:36  Thor  
  85  9:41  Hellion  
  85  9:42  SCV  
  85  9:44  Hellion  
  90  9:47  Medivac  
  90  9:49  SCV  
  90  9:50  Refinery  
  93  9:53  Refinery  
  93  9:55  Medivac  
  93  9:59  SCV  
  96  10:01  Supply Depot  
  96  10:02  SCV  
  96  10:03  Missile Turret  
  97  10:09  SCV  
  97  10:10  Siege Tank, Hellion  
  103  10:15  SCV x2  
  103  10:16  Supply Depot  
  108  10:23  SCV  
  108  10:25  Hellion  
  108  10:26  Missile Turret  
  111  10:31  Hellion  
  113  10:37  Supply Depot x2  
  113  10:40  Siege Tank  
  113  10:42  Siege Tank, Factory  
  116  10:43  Factory  
  116  10:44  Supply Depot  
  116  10:47  Hellion  
  116  10:48  Viking x2  
  122  10:53  Hellion  
  122  10:55  Supply Depot  
  124  11:08  Hellion  
  120  11:13  Siege Tank  
  120  11:14  Siege Tank, Hellion  
  120  11:18  Supply Depot  
  126  11:25  Hellion  
  128  11:28  Terran Vehicle Weapons Level 2  
  128  11:29  Hellion  
  132  11:35  Hellion  
  134  11:45  Siege Tank  
  134  11:46  Hellion, Viking x2  
  145  11:48  Factory Reactor, Factory Tech Lab  
  145  11:52  Command Center  
  145  11:53  Supply Depot  
  141  11:59  Hellion  
  137  12:04  Sensor Tower  
  137  12:05  Hellion  
  137  12:07  Siege Tank  
  142  12:17  Siege Tank  
  145  12:23  Viking  
  145  12:24  Siege Tank, Viking  
  145  12:25  Hellion x2  
  154  12:33  Hellion  
  154  12:36  Supply Depot  
  156  12:39  Siege Tank  
  156  12:41  Hellion  
  161  12:48  Hellion  
  161  12:49  Siege Tank  
  166  12:53  Viking  
  166  12:57  Siege Tank  
  169  12:59  Hellion x2  
  169  13:02  Hellion  
  169  13:05  Orbital Command  
  173  13:11  Siege Tank, Hellion  
  178  13:15  Refinery  
  178  13:19  Refinery  
  173  13:21  Siege Tank, Hellion, Liberator  
  173  13:25  Liberator  
  173  13:26  Hellion  
  180  13:33  Hellion  
  171  13:37  Hellion  
  168  13:44  Siege Tank  
  174  13:49  Hellion  
  174  13:53  Siege Tank  
  165  13:57  Infernal Pre-Igniter  
  165  13:58  Hellion  
  165  14:00  Siege Tank  
  167  14:05  Hellion  
  167  14:08  Hellion  
  171  14:12  Smart Servos  
  171  14:13  Hellion  
  167  14:20  Siege Tank, Hellion  
  167  14:21  Viking  
  174  14:25  Siege Tank  
  177  14:32  Siege Tank, Hellion  
  177  14:35  Hellion  
  174  14:39  Viking  
  174  14:45  Hellion  
  174  14:52  Siege Tank  
  167  14:55  SCV  
  167  14:56  SCV x3  
  167  14:57  Hellion  
  167  14:58  Siege Tank  
  176  15:04  Siege Tank  
  176  15:05  Hellion  
  165  15:07  SCV  
  165  15:08  SCV  
  165  15:14  Hellion  
  166  15:17  Hellion  
  168  15:31  Hellion  
Show
View Real Time Build Order
Export as new Build Order

Dark Zerg 

Build Orders: Pool First, Swarm Host, Ravager All-In 

Get SALT Encoding   

  12  0:01  Drone  
  13  0:12  Overlord  
  13  0:18  Drone  
  14  0:31  Drone x2  
  17  0:35  Drone  
  17  0:45  Extractor  
  17  0:49  Spawning Pool  
  15  0:50  Drone  
  15  0:56  Drone  
  17  1:11  Drone  
  18  1:18  Hatchery  
  18  1:23  Drone  
  18  1:31  Drone  
  19  1:40  Roach Warren  
  19  1:43  Drone  
  19  1:52  Queen  
  21  1:56  Zergling x2  
  22  2:02  Overlord  
  22  2:22  Roach x2  
  26  2:37  Queen  
  28  2:45  Drone x3  
  28  2:46  Drone  
  28  2:48  Extractor  
  33  2:53  Drone  
  33  2:55  Drone  
  35  3:00  Metabolic Boost  
  35  3:11  Overlord  
  35  3:12  Drone  
  36  3:23  Roach  
  36  3:28  Overlord  
  36  3:31  Roach x3  
  42  3:35  Overlord  
  42  3:38  Ravager x2  
  44  3:41  Overlord  
  44  3:53  Roach x2  
  44  3:54  Roach  
  50  3:58  Overlord  
  50  4:01  Ravager  
  51  4:08  Zergling x6  
  54  4:16  Ravager  
  55  4:20  Ravager  
  55  4:21  Zergling x6  
  59  4:24  Zergling x2  
  59  4:26  Zergling x2  
  59  4:34  Overlord  
  59  4:35  Zergling x2  
  60  4:40  Zergling x4  
  60  4:41  Zergling x2  
  64  4:45  Ravager  
  61  4:54  Zergling x4  
  62  5:06  Ravager  
  49  5:07  Ravager  
  49  5:13  Drone x4  
  47  5:18  Drone x2  
  37  5:21  Lair  
  35  5:29  Drone x2  
  35  5:33  Drone  
  38  5:36  Spore Crawler  
  38  5:38  Spore Crawler  
  38  5:42  Roach  
  38  5:45  Roach  
  40  5:55  Drone  
  40  6:00  Drone  
  40  6:02  Drone x3  
  44  6:10  Drone x3  
  46  6:18  Overseer  
  46  6:22  Drone x3  
  46  6:23  Glial Reconstitution  
  49  6:28  Drone x3  
  49  6:31  Extractor  
  51  6:33  Drone x2  
  51  6:37  Overlord  
  53  6:41  Roach  
  53  6:45  Drone  
  53  6:47  Queen  
  57  6:58  Hatchery  
  56  7:02  Overlord  
  56  7:03  Roach x2  
  56  7:05  Roach  
  56  7:07  Roach  
  64  7:11  Roach  
  68  7:15  Roach  
  68  7:16  Roach  
  68  7:20  Roach x2  
  74  7:25  Ravager x2  
  69  7:30  Roach x2  
  69  7:31  Ravager  
  69  7:33  Zergling x6  
  68  7:37  Roach x2  
  68  7:40  Roach  
  68  7:41  Roach  
  57  7:48  Zergling x4  
  53  7:51  Ravager  
  53  7:54  Overseer  
  53  7:56  Drone  
  49  8:00  Drone x2  
  49  8:01  Drone  
  49  8:05  Queen  
  50  8:12  Queen  
  52  8:14  Drone  
  52  8:17  Drone  
  52  8:28  Drone x4  
  52  8:30  Drone  
  51  8:36  Drone  
  50  8:48  Queen  
  50  8:53  Drone x2  
  50  8:54  Drone x2  
  56  8:58  Drone x2  
  56  9:02  Overseer  
  58  9:07  Drone x4  
  62  9:20  Drone x3  
  62  9:23  Extractor, Evolution Chamber  
  63  9:29  Drone x3  
  67  9:38  Drone x2  
  69  9:39  Drone x2  
  71  9:48  Roach, Overlord  
  71  9:49  Roach  
  76  9:52  Drone  
  76  9:53  Drone x2, Extractor  
  76  9:57  Overlord  
  76  9:59  Extractor  
  76  10:00  Zerg Missile Weapons Level 1  
  76  10:02  Roach  
  76  10:04  Roach  
  76  10:06  Roach  
  82  10:09  Roach  
  84  10:15  Drone  
  84  10:16  Infestation Pit  
  84  10:21  Drone x2  
  84  10:23  Drone x2  
  84  10:25  Extractor  
  84  10:27  Drone  
  84  10:28  Drone  
  89  10:30  Roach  
  89  10:34  Overlord x2  
  91  10:38  Hatchery  
  90  10:44  Overlord x2  
  90  10:46  Drone  
  91  10:55  Zergling x8  
  93  11:11  Swarm Host  
  93  11:12  Swarm Host x6  
  93  11:17  Overlord  
  109  11:24  Extractor  
  107  11:27  Swarm Host x2  
  110  11:34  Overlord x2  
  100  11:43  Queen  
  100  11:47  Roach x6  
  112  11:58  Swarm Host x4  
  122  12:03  Zerg Missile Weapons Level 2  
  122  12:07  Roach  
  125  12:08  Ravager x2  
  125  12:15  Roach x3  
  132  12:16  Roach  
  132  12:22  Ravager x3  
  131  12:24  Swarm Host  
  134  12:34  Overseer  
  134  12:36  Overlord x3  
  134  12:48  Overlord  
  132  12:52  Overlord  
  132  12:54  Queen  
  132  12:57  Roach x7  
  141  12:58  Roach  
  141  13:03  Roach, Ravager x3  
  141  13:04  Ravager x2  
  152  13:05  Roach  
  152  13:09  Roach  
  154  13:13  Roach  
  154  13:14  Roach  
  154  13:16  Roach  
  154  13:19  Roach x2  
  164  13:23  Queen  
  162  13:27  Roach  
  162  13:29  Roach  
  162  13:30  Roach  
  156  13:34  Roach  
  156  13:35  Roach  
  156  13:37  Overlord  
  152  13:51  Roach  
  150  13:57  Swarm Host x3  
  150  14:02  Overlord x2  
  159  14:04  Overlord x2  
  159  14:10  Overlord  
  159  14:23  Swarm Host x7  
  177  14:29  Drone x2  
  177  14:30  Drone  
  180  14:33  Ravager  
  176  14:44  Drone x8  
  178  15:07  Overlord x2  
  178  15:18  Overlord x2  
  178  15:24  Overlord x2  
  178  15:33  Roach x7  
Tags
 
Add a new tag
Caveats
  • Supply blocks, unpowered buildings, or Contaminate may cause inaccurate times.
  • Supply counts are checked every 10 seconds.